[Event "*** SCC Grand Prix: Titled Tuesday Blitz"]
[Site "Chess.com"]
[Date "2020.07.21"]
[Round "3"]
[White "BakaPG"]
[Black "OparinGrigoriy"]
[Result "0-1"]
[WhiteElo "2646"]
[BlackElo "2937"]
[TimeControl "180+1"]
[EndTime "10:29:11 PDT"]
[Termination "OparinGrigoriy won by resignation"]

1. e4 e5 2. Nf3 Nc6 3. Bb5 f5 4. d3 fxe4 5. dxe4 d6 6. O-O Nf6 7. Qd3 Be7 8. a4 O-O 9. Bg5 Kh8 10. Nc3 Bg4 11. Bxc6 bxc6 12. Bxf6 Bxf6 13. h3 Be6 14.
Rad1 Qe8 15. Nh2 Bh4 16. Nf3 Be7 17. Nh2 Qh5 18. Ne2 Qg6 19. Ng3 Rf4 20. Qa6 Qe8 21. b3 Bd7 22. Rd3 Qc8 23. Qa5 Qb7 24. Qd2 Raf8 25. Nf3 Qb6 26. Nh5 R4f7 27. Nxe5 dxe5 28.
Rxd7 g6 29. Qh6 Qc5 30. Ng3 Bg5 31. Qxg5 Rxd7 32. Kh2 Rdf7 33. f4 Qe7 34. Qxe7 Rxe7 35. f5 Rd7 36. Rf2 Kg7 37. Nf1 Rd4 38. Ng3 h5 39.
Re2 h4 40. Nf1 gxf5 41. exf5 Rxf5 42. Ne3 Rff4 43. g3 Rfe4 44. Nf5+ Kf6 45. Nxd4 Rxd4 46. gxh4 Rxh4 47. Kg3 Rh7 48. Rf2+ Ke6 49. h4 e4 50.
Kg4 Ke5 51. h5 Rg7+ 52. Kh4 e3 53. Rh2 Kf4 54. h6 Rg4+ 55. Kh5 Rg5+ 56. Kh4 Re5 57. h7 Re8 58. Kh5 e2 59. Rh1 e1=Q 60. Rxe1 Rxe1 61. Kg6 Rh1 62. Kg7 Ke4 63. h8=Q Rxh8 64. Kxh8 Kd4 65. Kg7 Kc3 66. Kf6 Kxc2 67. b4 Kb3 68. b5 cxb5 69. axb5 Kb4 70. Ke5 Kxb5 0-1

[Event "*** SCC Grand Prix: Titled Tuesday Blitz"]
[Site "Chess.com"]
[Date "2020.07.21"]
[Round "3"]
[White "Dauletova"]
[Black "Yashasd1995"]
[Result "1/2-1/2"]
[WhiteElo "2319"]
[BlackElo "2547"]
[TimeControl "180+1"]
[EndTime "10:29:12 PDT"]
[Termination "Game drawn by repetition"]

1. e4 d5 2. exd5 Nf6 3. d4 Bg4 4. Be2 Bxe2 5. Nxe2 Qxd5 6. O-O Nc6 7. b3 O-O-O 8. c4 Qf5 9. Nbc3 e6 10. Be3 h5 11. Qb1 Qa5 12. Rd1 h4 13. h3 Bb4 14.
Nb5 Be7 15. a3 Rh5 16. b4 Qa6 17. Nec3 b6 18. Bf4 Rd7 19. Nxc7 Qxc4 20. N7b5 Kb7 21. Rc1 Rxb5 22. Nxb5 Qxb5 23. Qc2 Qd5 24. a4 a6 25. b5 axb5 26. axb5 Qxb5 27. Qa2 Na5 28. Qc2 Ka7 29. Qc8 Rb7 30. Rc7 Qa6 31. Rxb7+ Qxb7 32. Qxb7+ Kxb7 33. Be5 Ne8 34. Rd1 Nc6 35. Bf4 g5 36. Be3 Nf6 37. Bd2 Nd5 38. Be3 Nxe3 39. fxe3 b5 40. e4 Nxd4 41. Kf2 Bc5 42. Ke1 b4 43.
Kd2 Kb6 44. Kd3 Kb5 45. Ra1 Nc6 46. Ra8 b3 47. Kc3 Bd4+ 48. Kxb3 f6 49. Kc2 Kc5 50. Kd3 Kd6 51. Ra6 Bc5 52. Kc4 Bf2 53. Kb5 Ke5 54. Rxc6 Kxe4 55. Rxe6+ Kf5 56. Rc6 Bg3 57. Kc4 Be5 58.
Kd3 Kf4 59. Ke2 Kg3 60. Kf1 g4 61. hxg4 Kxg4 62. Rc4+ Kg3 63. Ra4 f5 64. Ra3+ Kf4 65. Rf3+ Kg4 66. Ke2 Bg3 67. Re3 f4 68. Rf3 h3 69.
gxh3+ Kxh3 70. Kd3 Kg4 71. Ke4 Bh2 72. Rf1 Bg3 73.
Rf3 Bh2 74. Rf1 Bg3 75. Rf3 1/2-1/2

[Event "*** SCC Grand Prix: Titled Tuesday Blitz"]
[Site "Chess.com"]
[Date "2020.07.21"]
[Round "3"]
[White "wild_cat99"]
[Black "ChelsieMonica"]
[Result "1-0"]
[WhiteElo "2627"]
[BlackElo "2399"]
[TimeControl "180+1"]
[EndTime "10:29:13 PDT"]
[Termination "wild_cat99 won by resignation"]

1. Nf3 Nf6 2. c4 e6 3. e3 Be7 4.
b3 O-O 5. Bb2 b6 6. g3 Bb7 7.
Bg2 c5 8. O-O d6 9. Nc3 Nbd7 10.
Qe2 Re8 11. e4 Ne5 12. Nh4 Nc6 13. f4 Nd4 14. Qd1 Qc7 15. Nf3 a6 16. d3 e5 17.
Bh3 Bc6 18. fxe5 dxe5 19. Nd5 Bxd5 20. cxd5 Rad8 21. Rf2 b5 22. Rc1 Nxf3+ 23. Qxf3 c4 24. Rfc2 Qa7+ 25. Kg2 cxb3 26. axb3 Bd6 27. Rc6 a5 28. g4 h6 29. Ra1 a4 30. Qf2 Qxf2+ 31. Kxf2 axb3 32. Rb1 Nh7 33. Bc1 Be7 34. Rxb3 b4 35.
Bd2 Rb8 36. Rc4 Red8 37. Bxb4 Ng5 38. Bg2 Bf6 39. Bf1 h5 40. Rcc3 hxg4 41. Ba5 Rxb3 42. Rxb3 Ra8 43. Bc7 Nh7 44. d6 Bh4+ 45. Kg2 Nf8 46.
Rb8 Ra2+ 47. Kg1 Bf2+ 48. Kh1 Ra1 49. d7 Rxf1+ 50. Kg2 Bh4 51. Kxf1 Kh7 52. d8=Q Bxd8 53. Rxd8 Ng6 54. Re8 f6 55. Rd8 Kh6 56. Kf2 Kg5 57.
Ke3 Nf4 58. d4 Ng2+ 59. Kf2 Nf4 60. dxe5 fxe5 61. Bxe5 Ng6 62. Rd5 Kh4 63. Bxg7 Nf4 64. Bf6+ Kh3 65. Rf5 Nd3+ 66. Ke3 Ne1 67. Rh5+ Kg2 68.
Rh4 Nf3 69. Rxg4+ Kh1 70. Rf4 Nxh2 71. Rh4 Kg2 72. Rxh2+ Kxh2 73. e5 Kg3 74. e6 1-0

[Event "*** SCC Grand Prix: Titled Tuesday Blitz"]
[Site "Chess.com"]
[Date "2020.07.21"]
[Round "3"]
[White "kingmonkey2006"]
[Black "boo786"]
[Result "1-0"]
[WhiteElo "2617"]
[BlackElo "2396"]
[TimeControl "180+1"]
[EndTime "10:29:13 PDT"]
[Termination "kingmonkey2006 won on time"]

1. e4 c6 2. Nc3 d5 3. Nf3 Bg4 4. h3 Bxf3 5. Qxf3 Nf6 6. Be2 e6 7. O-O Nbd7 8. d4 dxe4 9. Nxe4 Nxe4 10. Qxe4 Nf6 11. Qd3 Be7 12. Bf3 O-O 13. c3 Qc7 14. g3 Rfd8 15. Qe2 c5 16. Bf4 Bd6 17. Bxd6 Qxd6 18.
dxc5 Qxc5 19. Bxb7 Rab8 20. Bg2 a5 21. Rfd1 h6 22. Rxd8+ Rxd8 23. Rd1 Rb8 24. Qc2 a4 25. b3 a3 26. Rd4 e5 27. Rd2 e4 28. Rd4 Re8 29.
Bxe4 Nxe4 30. Rxe4 Rxe4 31. Qxe4 Qxc3 32. Qa8+ Kh7 33. Qxa3 Qe1+ 34. Kg2 Qe4+ 35. Kh2 Qd4 36. Qa8 Qxf2+ 37. Qg2 Qe3 38. Qc2+ g6 39. a4 h5 40. Qa2 h4 41. gxh4 Qf4+ 42. Kg2 Qe4+ 43. Kf2 Qxh4+ 44.
Ke2 Qxh3 45. Qa3 Qg4+ 46. Kd3 Qf3+ 47. Kd4 g5 48. Qa2 g4 49. Qc2+ f5 50. Qc7+ Kg6 51. Qd6+ Kh5 52. Qh2+ Kg5 53. Qh7 g3 54. Qg7+ Kh4 55.
Qh6+ Kg4 56. Qg6+ Kh3 57. a5 Qxb3 58. a6 Qb2+ 59. Kc4 Qc2+ 60. Kd4 g2 61. Qh5+ Kg3 62. Qg5+ Kh2 63. Qh4+ Kg1 64. Qe1+ Kh2 65. Qh4+ Kg1 66.
Qe1+ Kh2 67. Qe5+ Kh1 68. Qh8+ Kg1 69. Kd5 1-0

[Event "*** SCC Grand Prix: Titled Tuesday Blitz"]
[Site "Chess.com"]
[Date "2020.07.21"]
[Round "3"]
[White "AquivaRubinstein"]
[Black "Flopezin"]
[Result "1-0"]
[WhiteElo "2467"]
[BlackElo "2098"]
[TimeControl "180+1"]
[EndTime "10:29:15 PDT"]
[Termination "AquivaRubinstein won by resignation"]

1. d4 Nf6 2. c4 e6 3. Nf3 c5 4. d5 d6 5. Nc3 exd5 6. cxd5 g6 7. e4 Bg7 8. Nd2 a6 9. a4 Nbd7 10. Be2 O-O 11. O-O Re8 12. Qc2 Rb8 13. Nc4 Nb6 14. Ne3 Na8 15. h3 Nc7 16. a5 Bd7 17. Nc4 Bb5 18. Bf4 Bxc4 19. Bxc4 Qd7 20. Rfe1 Nb5 21. e5 dxe5 22. Bxe5 Rbd8 23. Rad1 Nh5 24.
Bxg7 Nxg7 25. Ne4 Rxe4 26. Rxe4 Nf5 27. Rde1 Nbd4 28. Qd2 h5 29. Qg5 Kg7 30. Re5 f6 31. Qf4 fxe5 32. Qxe5+ Kh7 33. Qf6 Qd6 34. Qg5 Rf8 35.
Re4 Qf6 36. Qf4 g5 37. Qc7+ Rf7 38. Qxc5 Kg6 39. d6 Qxd6 40. Qxd6+ Nxd6 41. Rxd4 Nxc4 42. Rxc4 Rf5 43. b4 Rb5 44. Kf1 Kf5 45. Ke2 Ke5 46. g4 h4 47. Kd3 Kd5 48. Kc3 b6 49. f4 gxf4 50. Rxf4 bxa5 51. Rf5+ Kc6 52. Rxb5 Kxb5 53. bxa5 Kc5 54. g5 Kd6 55. Kc4 Ke6 56. Kc5 Kf5 57. Kb6 Kxg5 58. Kxa6 Kf4 59. Kb6 Kg3 60. a6 Kxh3 61. a7 Kg3 62. a8=Q h3 63. Qh1 h2 64.
Kc5 1-0

[Event "*** SCC Grand Prix: Titled Tuesday Blitz"]
[Site "Chess.com"]
[Date "2020.07.21"]
[Round "3"]
[White "manmanlai1"]
[Black "GregShahade"]
[Result "1/2-1/2"]
[WhiteElo "2500"]
[BlackElo "2701"]
[TimeControl "180+1"]
[EndTime "10:29:16 PDT"]
[Termination "Game drawn by repetition"]

1. e4 e5 2. Nf3 Nc6 3. Bc4 Nf6 4. d3 Bc5 5. O-O a6 6. c3 d6 7. a4 Ba7 8. Nbd2 O-O 9. h3 h6 10. Re1 Re8 11. Bb3 Be6 12. Bc2 d5 13. Nf1 Qd6 14. Ng3 Rad8 15. Qe2 Nd7 16. Nh4 dxe4 17. dxe4 Ne7 18. Qh5 Nf6 19. Qf3 Nh7 20. Nhf5 Nxf5 21. Nxf5 Bxf5 22. Qxf5 Qf6 23. Qxf6 Nxf6 24. Kf1 Rd7 25. a5 Red8 26. g3 Rd6 27. b3 Nd7 28. b4 Nf8 29. Re2 Ne6 30. h4 c6 31. Ke1 Kf8 32. Bd2 c5 33. Be3 Ra8 34. Bb3 cxb4 35. Bxa7 Rxa7 36. Bxe6 Rxe6 37. cxb4 Ra8 38. Rc2 Rd8 39.
Rd1 Rxd1+ 40. Kxd1 Rd6+ 41. Rd2 Ke7 42. Ke2 Rxd2+ 43.
Kxd2 Kd6 44. Kd3 Kc6 45. Kc4 f6 46. h5 b6 47. axb6 Kxb6 48. Kc3 Kc6 49. Kc2 Kb5 50. Kb3 Kb6 51. Ka4 Kc6 52. Ka5 Kb7 53. b5 axb5 54.
Kxb5 Kc7 55. Kc5 Kd7 56. Kd5 Ke7 57. Kc6 Ke6 58. g4 Ke7 59. Kc7 Ke6 60. Kd8 Kf7 61.
Kd7 Kf8 62. Ke6 Ke8 63. Kd6 Kd8 64. Kc5 Kc7 65. Kd5 Kd7 66. Kc5 Kc7 67. Kd5 Kd7 68.
f3 Ke7 69. Kc6 Ke6 70. Kc7 Ke7 71. Kc6 Ke6 72. Kc7 Ke7 73. Kc8 Ke8 74. Kc7 Ke7 1/2-1/2

[Event "*** SCC Grand Prix: Titled Tuesday Blitz"]
[Site "Chess.com"]
[Date "2020.07.21"]
[Round "3"]
[White "PowerThinking2650"]
[Black "GMKrikor"]
[Result "0-1"]
[WhiteElo "2353"]
[BlackElo "2724"]
[TimeControl "180+1"]
[EndTime "10:29:17 PDT"]
[Termination "GMKrikor won on time"]

1. e4 g6 2. d4 Bg7 3. Nc3 d6 4. f4 a6 5. Nf3 b5 6. Bd3 Nd7 7. e5 c5 8. Be4 Rb8 9. exd6 exd6 10. O-O Ngf6 11. dxc5 dxc5 12. Ne5 Nxe5 13. Qxd8+ Kxd8 14. fxe5 Nxe4 15. Nxe4 Bxe5 16. Bg5+ Kc7 17. Rxf7+ Kb6 18. Be3 Bf5 19. Nxc5 Ka5 20. Nb3+ Kb4 21. c3+ Kc4 22. Rd1 b4 23. cxb4 Kb5 24. a3 Rhd8 25.
Rc1 Bxb2 26. Rc5+ Ka4 27. Na5 Bxa3 28. Nc6 Rd1+ 29. Kf2 Rc8 30. Ra7 Re8 31. Rxa6+ Kb3 32. Nd4+ Rxd4 33. Bxd4 Bxb4 34. Rb5 Kc4 35. Rxb4+ Kxb4 36. Be3 Kc4 37. Ra4+ Kd3 38. Rd4+ Kc3 39. h3 Ra8 40. Rd2 Bd3 41. g4 Rf8+ 42. Kg3 Be4 43. Bg5 Rf3+ 44. Kh4 Bd3 45. Rg2 Kc4 46. Rg3 Rf2 47.
Bh6 Rh2 48. Kg5 Be4 49. Bg7 Bg2 50. h4 Kd5 51. h5 gxh5 52. gxh5 Be4 53. Kh6 Rf2 54.
Rg5+ Bf5 55. Bf6 Ke6 56. Kg7 Rc2 57. Bd4 Rc7+ 58. Kh6 Rd7 59. Be3 Rd8 60. Rg7 Rd3 61. Bf4 Rh3 62. Bg5 Bg4 63. Re7+ Kf5 0-1

[Event "*** SCC Grand Prix: Titled Tuesday Blitz"]
[Site "Chess.com"]
[Date "2020.07.21"]
[Round "3"]
[White "LisikValera"]
[Black "FeketeBarika"]
[Result "0-1"]
[WhiteElo "2459"]
[BlackElo "2183"]
[TimeControl "180+1"]
[EndTime "10:29:17 PDT"]
[Termination "FeketeBarika won on time"]

1. d4 d5 2. Bf4 Nf6 3. e3 c5 4.
c3 Nc6 5. Nf3 e6 6. Nbd2 Be7 7.
Bd3 O-O 8. Ne5 Bd7 9. Qf3 c4 10. Bc2 b5 11. Qh3 b4 12. g4 bxc3 13. bxc3 g6 14.
Qh6 Re8 15. Ndf3 Bf8 16. Qh3 Nxe5 17. Nxe5 Ne4 18. Bxe4 dxe4 19. O-O Rc8 20. Qg2 f5 21. gxf5 exf5 22. Rfb1 Be6 23. Rb7 Bd5 24. Rxa7 Qb6 25. Rd7 Be6 26. Rxh7 Kxh7 27. Qxg6+ Kh8 28. Kh1 Qb7 29.
Rg1 Bg7 30. Qh5+ Kg8 31. Bh6 Re7 32. Qg6 Bd5 33. Bg5 Rec7 34. Qxf5 Rf8 35. Qg4 Rxf2 36. Bh6 Rf8 37. Qg6 Re7 38. Bg5 Rc7 39. Qh5 Qc8 40. Bh6 Qe8 41. Ng6 Bf7 42. Qa5 Bxh6 43. Qxc7 Bg7 44. Qc5 Bxg6 45. Qxc4+ Bf7 46. Qc5 Be6 47. Qg5 Qf7 48. d5 Qf3+ 49. Qg2 Qxg2+ 50. Rxg2 Bxd5 51. Rd2 Bf7 52. Kg2 Bxc3 53. Rc2 Bg7 54. Kg3 Rd8 55. Kf4 Bg6 56. Rb2 Kh7 57. a4 Rf8+ 58.
Kg5 Rf5+ 59. Kg4 Rf3 60. Ra2 Rxe3 61. a5 Rd3 62. a6 Rd8 63. a7 Ra8 64. Kf4 Bh6+ 65.
Ke5 e3 66. Kd4 Bh5 67. Rb2 e2 68. Rb7+ Bg7+ 69. Kd3 e1=Q 0-1

[Event "*** SCC Grand Prix: Titled Tuesday Blitz"]
[Site "Chess.com"]
[Date "2020.07.21"]
[Round "3"]
[White "Noam_Vitenberg"]
[Black "KaterynaLagno"]
[Result "0-1"]
[WhiteElo "2486"]
[BlackElo "2742"]
[TimeControl "180+1"]
[EndTime "10:29:19 PDT"]
[Termination "KaterynaLagno won by checkmate"]

1. d4 Nf6 2. c4 g6 3. Nc3 d5 4. cxd5 Nxd5 5. e4 Nxc3 6. bxc3 Bg7 7. Nf3 c5 8. Be3 O-O 9. Rc1 Qa5 10. Qd2 Rd8 11. d5 e6 12. Bg5 Rd6 13. Bf4 Rd8 14.
Be2 exd5 15. exd5 c4 16. Bxc4 Nd7 17. Bb3 Nc5 18. c4 Nd3+ 19. Ke2 Re8+ 20. Be3 Nxc1+ 21.
Rxc1 Qxd2+ 22. Kxd2 b6 23. Ba4 Re4 24. Bc6 Rb8 25. Ng5 Rg4 26. g3 h6 27. Nf3 Ba6 28.
Bf4 Rd8 29. h3 Rxf4 30. gxf4 Bf8 31. f5 gxf5 32. Rg1+ Kh7 33. Kc3 Bg7+ 34. Kb3 f4 35. Rg4 Bc8 36. Rxf4 Bxh3 37. Rxf7 Kg6 38. Rxa7 Bg4 39.
Nd2 Bd1+ 40. Kb4 h5 41. Nf1 h4 42. Kb5 Be2 43. Nh2 Be5 44. Re7 Bxh2 45. Re6+ Kg5 46. Rxe2 h3 47. Kxb6 Rh8 48. c5 Bf4 49. d6 h2 50. Bh1 Rb8+ 51. Ka7 Rb1 52. d7 Bc7 53. Bg2 Rg1 54. Bh1 Rxh1 55. f4+ Kxf4 56. Rf2+ Kg3 57. Rf8 Ra1 58. Rg8+ Kf2 59. Rf8+ Kg3 60. Rg8+ Kf4 61. Rf8+ Ke5 62. Re8+ Kf6 63. Rf8+ Ke7 64. Rh8 Kxd7 65. Rxh2 Bxh2 66. c6+ Kxc6 67. Ka6 Rxa2# 0-1

[Event "*** SCC Grand Prix: Titled Tuesday Blitz"]
[Site "Chess.com"]
[Date "2020.07.21"]
[Round "3"]
[White "Semen_Khanin"]
[Black "sotochess"]
[Result "1-0"]
[WhiteElo "2726"]
[BlackElo "2428"]
[TimeControl "180+1"]
[EndTime "10:29:19 PDT"]
[Termination "Semen_Khanin won by resignation"]

1. e4 d5 2. exd5 Qxd5 3. Nc3 Qa5 4. d4 Nf6 5. Bd2 c6 6. Nf3 Bg4 7. h3 Bh5 8. g4 Bg6 9. Ne5 Nbd7 10. Nxd7 Nxd7 11.
Bg2 e6 12. O-O Qb6 13. Be3 Qc7 14. f4 f6 15. f5 exf5 16. gxf5 Bf7 17. Bf4 Bd6 18.
Qe2+ Kf8 19. Bxd6+ Qxd6 20. Qf2 Re8 21. Rae1 Bc4 22.
Rxe8+ Kxe8 23. Re1+ Kf7 24. Ne4 Qc7 25. Qh4 Bd5 26.
Qh5+ Kg8 27. Nxf6+ gxf6 28. Re7 Qg3 29. Re2 Qg5 30.
Qxg5+ fxg5 31. Bxd5+ cxd5 32. Re8+ Nf8 33. Re7 h6 34.
Rxb7 Rh7 35. Rb5 Rd7 36. Kf2 Nh7 37. b3 Kg7 38. Ke3 Kf6 39. c4 Kxf5 40. c5 Nf6 41.
b4 Re7+ 42. Kd3 Ke6 43. Rb8 h5 44. b5 g4 45. hxg4 hxg4 46. Ke3 g3 47. Kf3 Rg7 48. Kg2 Kf5 49. Rf8 Ke6 50. c6 Ne4 51. a4 Rh7 52. a5 Rh2+ 53. Kg1 Rc2 54. b6 axb6 55. axb6 Rxc6 56. b7 Rc1+ 57. Kg2 Rc2+ 58. Kg1 Rc1+ 59. Rf1 Rc2 60. b8=Q Rf2 61. Qe5+ 1-0

[Event "*** SCC Grand Prix: Titled Tuesday Blitz"]
[Site "Chess.com"]
[Date "2020.07.21"]
[Round "3"]
[White "checkmatequen"]
[Black "ThePatrick27"]
[Result "1-0"]
[WhiteElo "2306"]
[BlackElo "2522"]
[TimeControl "180+1"]
[EndTime "10:29:19 PDT"]
[Termination "checkmatequen won by resignation"]

1. e4 e5 2. Nf3 Nc6 3. Bb5 a6 4. Ba4 Nf6 5. d3 b5 6. Bb3 Be7 7. c3 d6 8. O-O O-O 9. Re1 Na5 10. Bc2 c5 11. Nbd2 Qc7 12. Nf1 Re8 13. Ng3 Nc6 14.
h3 Nd7 15. Nf5 Bf8 16. N3h4 Ne7 17. Qg4 Ng6 18. a4 Nf6 19. Qf3 Bd7 20. Bg5 Nxh4 21. Bxh4 Be7 22. Nxe7+ Rxe7 23. Bxf6 gxf6 24. Qxf6 Re6 25.
Qh4 Rb8 26. Re3 Rg6 27. axb5 axb5 28. Bd1 b4 29. Bh5 Rg7 30. Rg3 Be6 31. c4 Qd8 32. Rxg7+ Kxg7 33. Qxd8 Rxd8 34. Ra7 Kf6 35. Bd1 Rg8 36.
Kh2 h6 37. g4 h5 38. Kg3 hxg4 39. hxg4 Rh8 40. Bf3 Rh7 41. Ra1 Rh8 42. Bg2 Kg5 43.
f3 Kf6 44. f4 exf4+ 45. Kxf4 Rh4 46. Bf3 Rh2 47. Rb1 Ke7 48. b3 f6 49. Kg3 Rd2 50. Rd1 Rb2 51. Rh1 Rxb3 52. Rh7+ Kf8 53. Kf4 Rxd3 54. Rb7 b3 55. Be2 Rc3 56. g5 fxg5+ 57. Kxg5 Bf7 58. Kf6 Be8 59. Rb8 Rc2 60. Bh5 Rf2+ 61.
Ke6 Kg7 62. Bxe8 b2 63. Bc6 Rd2 64. Bd5 Kh6 65. Kxd6 Kg5 66. Kxc5 Kf4 67. Kd6 Ke3 68. c5 Kd4 69. c6 Kc3 70. c7 b1=Q 71. Rxb1 Kd4 72.
Rc1 Rc2 73. Rxc2 Ke3 74. Rd2 1-0

[Event "*** SCC Grand Prix: Titled Tuesday Blitz"]
[Site "Chess.com"]
[Date "2020.07.21"]
[Round "3"]
[White "Killertoy"]
[Black "amatatanav"]
[Result "0-1"]
[WhiteElo "2230"]
[BlackElo "2508"]
[TimeControl "180+1"]
[EndTime "10:29:26 PDT"]
[Termination "amatatanav won on time"]

1. e4 c5 2. Nf3 Nc6 3. d4 cxd4 4. Nxd4 g6 5. c4 Nf6 6. Nc3 d6 7. Be2 Nxd4 8. Qxd4 Bg7 9. Be3 O-O 10. Qd2 Be6 11.
Rc1 a5 12. O-O a4 13. f3 Qa5 14. Nd5 Nxd5 15. cxd5 Qxd2 16. Bxd2 Bd4+ 17. Kh1 Bc8 18.
Rc7 Bb6 19. Rc2 Bd7 20. Rfc1 Bc5 21. a3 Rfc8 22. g4 e6 23. Bc4 e5 24. Kg2 f5 25.
h3 Kf7 26. Be1 Bd4 27. Bf2 Bxf2 28. Kxf2 Rc5 29. Bd3 Rac8 30. Rxc5 Rxc5 31. Rxc5 dxc5 32. gxf5 gxf5 33. exf5 Ke7 34. Ke2 h6 35. h4 b5 36.
Kd2 Be8 37. Be4 Kd6 38. f6 Bf7 39. Ke3 b4 40. f4 exf4+ 41. Kxf4 c4 42. axb4 c3 43.
bxc3 a3 44. Bb1 Bxd5 45. b5 Kc5 46. c4 Bxc4 47. Ke5 Kxb5 48. Kd6 Kb4 49. Ke7 Kc3 50.
f7 Bxf7 51. Kxf7 Kb2 52. Bg6 a2 53. Kg7 a1=Q 54. Kxh6 Qa6 55. h5 Kc3 56. Kg7 Qb7+ 57. Bf7 Qg2+ 58. Kh7 Qg5 59. h6 Kd4 60. Bg6 Qf6 0-1

[Event "*** SCC Grand Prix: Titled Tuesday Blitz"]
[Site "Chess.com"]
[Date "2020.07.21"]
[Round "3"]
[White "alexrustemov"]
[Black "Chessmatus"]
[Result "0-1"]
[WhiteElo "2685"]
[BlackElo "2432"]
[TimeControl "180+1"]
[EndTime "10:29:28 PDT"]
[Termination "Chessmatus won on time"]

1. Nf3 c5 2. c4 Nf6 3. g3 d5 4. Bg2 Nc6 5. O-O d4 6. d3 e5 7. b4 cxb4 8. a3 bxa3 9. Qa4 Bd7 10. Bxa3 Be7 11. Nbd2 O-O 12. Bxe7 Qxe7 13. Rfb1 Rab8 14. Qa3 Qd8 15. Ne1 Bg4 16. Nc2 Bxe2 17. f3 e4 18. fxe4 Ne5 19. Ne1 Nfg4 20. Ndf3 Nxf3+ 21. Nxf3 Bxf3 22. Bxf3 Ne5 23. Be2 Qg5 24. Qc1 Qxc1+ 25. Rxc1 a6 26.
Rcb1 Rfd8 27. Ra5 f6 28. Rb6 Nc6 29. Ra2 Rd7 30. Rab2 Rc7 31. Kf2 Kf7 32. Ke1 Ke7 33.
Kd2 Kd6 34. R6b3 Re7 35. Ra3 Kc7 36. Rab3 Re5 37. Bg4 h5 38. Bh3 Ra5 39. Be6 Re5 40. Bd5 Re7 41. Rb6 Ree8 42. c5 Red8 43. h3 g5 44. Ke2 Rdc8 45. Kf3 Re8 46. Kf2 h4 47. gxh4 gxh4 48. Kf3 Rf8 49. Kf4 Rh8 50. Kf5 Rh5+ 51. Kg6 Rhh8 52. Kxf6 Rbf8+ 53. Bf7 Nd8 54. Ke5 Rxf7 55.
Kxd4 Re8 56. Kc4 Rd7 57. Rh6 Re6 58. Rxh4 Nc6 59. Rd2 Rd4+ 60. Kc3 Re5 61. Rh7+ Kb8 62. Kb2 Rxc5 63. Kb1 Rb4+ 64. Rb2 a5 65. h4 a4 66. h5 a3 0-1

[Event "*** SCC Grand Prix: Titled Tuesday Blitz"]
[Site "Chess.com"]
[Date "2020.07.21"]
[Round "3"]
[White "Vuk2000"]
[Black "IMHansNiemann"]
[Result "0-1"]
[WhiteElo "2607"]
[BlackElo "2964"]
[TimeControl "180+1"]
[EndTime "10:29:31 PDT"]
[Termination "IMHansNiemann won on time"]

1. d4 g6 2. e4 Bg7 3. Nf3 d6 4. Nc3 Nf6 5. Be2 O-O 6. O-O Nc6 7. d5 Nb8 8. Be3 e5 9. dxe6 Bxe6 10. Qd2 Nc6 11.
Rfe1 d5 12. exd5 Nxd5 13. Nxd5 Qxd5 14. Qxd5 Bxd5 15. c3 Rad8 16. Nd2 Rd7 17. Nb3 b6 18. Bb5 a6 19. Bxa6 Ne5 20. Bb5 c6 21. Be2 b5 22. Nc5 Re7 23. a4 bxa4 24. Nxa4 Rb8 25. Bc5 Re6 26. b4 Nd7 27. Be3 Bb3 28. Rec1 Ree8 29.
Ra3 Be6 30. Nc5 Nxc5 31. Bxc5 Rbd8 32. Bf3 Bd5 33. c4 Bxf3 34. Rxf3 Rd2 35. Re3 Red8 36. g3 Bf8 37. Bxf8 Kxf8 38. Rb3 Rb8 39. b5 cxb5 40. cxb5 Rb6 41. Rc6 Rxc6 42. bxc6 Rc2 43. Rb8+ Ke7 44.
Rc8 Kd6 45. Rf8 Ke7 46. Rc8 Kd6 47. g4 Rxc6 48. Rh8 Rc4 49. h3 h5 50. gxh5 Rh4 51.
Kg2 Ke7 52. Kg3 g5 53. Rh6 f5 54. Rh7+ Kf6 55. Kg2 Ra4 56. Rh6+ Ke5 57. Rg6 Kf4 58.
Rc6 Ra8 59. h6 Rh8 60. Rc4+ Ke5 61. Rc6 f4 62. Kf3 Kf5 63. Rc5+ Kg6 64. Kg4 Rxh6 65.
Rc6+ Kg7 66. Rxh6 Kxh6 0-1

[Event "*** SCC Grand Prix: Titled Tuesday Blitz"]
[Site "Chess.com"]
[Date "2020.07.21"]
[Round "3"]
[White "Man-Chuk"]
[Black "GMartin_Petrov"]
[Result "1-0"]
[WhiteElo "2845"]
[BlackElo "2607"]
[TimeControl "180+1"]
[EndTime "10:29:33 PDT"]
[Termination "Man-Chuk won by resignation"]

1. e4 c5 2. Nf3 d6 3. Bb5+ Bd7 4. c4 Nf6 5. Nc3 Nc6 6. d4 cxd4 7. Nxd4 g6 8. f3 Nxd4 9. Qxd4 Bg7 10. Bxd7+ Qxd7 11. Be3 O-O 12. Qd3 Rac8 13. O-O a6 14. Rac1 Qc7 15. b3 e6 16. Rfd1 Rfd8 17. Bd4 Qe7 18. Na4 Rc6 19.
b4 Nd7 20. Bxg7 Kxg7 21. Qd4+ Qf6 22. Qxf6+ Kxf6 23. c5 Ke7 24. cxd6+ Rxd6 25. Rxd6 Kxd6 26. Kf2 Ne5 27. Ke3 b5 28. Rd1+ Ke7 29. Rxd8 Kxd8 30.
Nc5 Nc4+ 31. Kd4 Kc7 32. Nxa6+ Kc6 33. Nc5 e5+ 34. Kd3 Nb2+ 35. Ke2 Nc4 36. Nd3 f6 37. g3 g5 38. h4 gxh4 39. gxh4 Kd6 40. Nf2 Ke6 41.
Nd1 Kd6 42. Ne3 Nb2 43. h5 Ke6 44. Kd2 Na4 45. Nd5 f5 46. Nc7+ Kf6 47. Nxb5 fxe4 48. fxe4 Kg5 49. Nd6 Kf4 50. h6 Nb6 51. Kc3 Kg5 52.
Kb3 Kxh6 53. a4 Kg5 54. a5 Nd7 55. Kc4 h5 56. Nf5 Nf6 57. Kd3 Kf4 58. a6 Nxe4 59. a7 Kxf5 60. a8=Q Nf6 61. Qf3+ Kg5 62. Qg2+ Kf4 63.
b5 e4+ 64. Ke2 Ng4 65. Qf1+ Kg3 66. b6 h4 67. Qg1+ Kh3 68. b7 e3 69. b8=Q Ne5 70.
Qh1+ Kg4 71. Qxe5 1-0

[Event "*** SCC Grand Prix: Titled Tuesday Blitz"]
[Site "Chess.com"]
[Date "2020.07.21"]
[Round "3"]
[White "AGW2016"]
[Black "DariaVoit"]
[Result "1/2-1/2"]
[WhiteElo "2249"]
[BlackElo "2506"]
[TimeControl "180+1"]
[EndTime "10:29:34 PDT"]
[Termination "Game drawn - insufficient material"]

1. d4 Nf6 2. c4 e6 3. g3 c5 4. d5 exd5 5. cxd5 g6 6. Nc3 Bg7 7. Bg2 d6 8. Nf3 O-O 9. O-O Re8 10. Bf4 a6 11. a4 Nh5 12. Bg5 Qc7 13. e4 Nd7 14. Re1 Rb8 15. a5 b5 16. axb6 Rxb6 17.
Ra2 Rb4 18. Bd2 Qb8 19. Na4 Rbxe4 20. Rxe4 Rxe4 21. Bc3 Re8 22. Bxg7 Nxg7 23. Nc3 Ne5 24. Nxe5 Rxe5 25. Bf1 Nf5 26. Ne2 Qb4 27. Nf4 Re1 28. Qa4 Qxa4 29. Rxa4 Bd7 30. Ra3 Bb5 31. Nd3 Rb1 32. Kg2 Nd4 33. f4 Kg7 34. Kf2 Nc2 35.
Rc3 Nb4 36. Nxb4 Rxf1+ 37. Ke3 cxb4 38. Rc7 Re1+ 39. Kd4 Re2 40. b3 Rxh2 41. Rb7 Rd2+ 42. Ke3 Re2+ 43. Kf3 Rd2 44. Rb6 Rd3+ 45. Kf2 Rxd5 46.
Rb7 Rd3 47. g4 Rxb3 48. g5 h6 49. Rb8 hxg5 50. fxg5 Bc4 51. Rb7 d5 52. Rc7 a5 53.
Ra7 Ra3 54. Ke1 a4 55. Kd2 Ra2+ 56. Ke3 a3 57. Kd4 Rd2+ 58. Ke3 a2 59. Kxd2 b3 60.
Kc3 Kf8 61. Kb2 d4 62. Rd7 d3 63. Rd4 Ba6 64. Ra4 Bb5 65. Rb4 Ba6 66. Rd4 Ke7 67.
Ra4 Bb7 68. Rc4 Bd5 69. Rd4 Ke6 70. Rxd3 Be4 71. Re3 Kf5 72. Rxb3 Bb1 73. Rb7 Kxg5 74. Rxf7 Kh4 75. Rg7 g5 76. Rxg5 Kxg5 77. Ka1 Kf4 78. Kb2 Ke3 79. Ka1 Kd4 80. Kb2 Kc4 81. Ka1 Kc5 82.
Kb2 a1=Q+ 83. Kxa1 1/2-1/2

[Event "*** SCC Grand Prix: Titled Tuesday Blitz"]
[Site "Chess.com"]
[Date "2020.07.21"]
[Round "3"]
[White "Alexander_Zubov"]
[Black "Arjun2002"]
[Result "1/2-1/2"]
[WhiteElo "2849"]
[BlackElo "2620"]
[TimeControl "180+1"]
[EndTime "10:29:39 PDT"]
[Termination "Game drawn - insufficient material"]

1. d4 d5 2. Nf3 Nf6 3. c4 c6 4.
Qb3 dxc4 5. Qxc4 Bg4 6. Nbd2 e6 7. g3 Be7 8. Bg2 Nbd7 9. Qb3 Qb6 10. Nc4 Qa6 11. O-O O-O 12. Re1 Nb6 13. Nce5 Bf5 14. Bg5 Be4 15. Bf1 Rfd8 16. a4 Qa5 17. Red1 h6 18. Bd2 Qd5 19. Qc3 a5 20. b3 Bb4 21.
Qb2 Bxd2 22. Rxd2 Nfd7 23. Rad1 Qd6 24. Nc4 Qc7 25. Ne1 c5 26. Rc1 Nxc4 27. Rxc4 Bd5 28. Rc3 b6 29. Ng2 Qb7 30. Ne3 Bc6 31. f3 cxd4 32. Rxd4 Nc5 33. Rcc4 Rxd4 34. Rxd4 e5 35. Rd2 Re8 36. Nc4 Qc7 37. e4 Bb7 38. Be2 Bc8 39. Qc3 Be6 40. Kg2 Rd8 41. Rxd8+ Qxd8 42. Qxe5 Nxb3 43.
Qd6 Qxd6 44. Nxd6 Nc5 45. Bb5 Bb3 46. Kf2 Bxa4 47. Ke3 Bxb5 48. Nxb5 Kf8 49. Kd4 Ke7 50. Kd5 Kd7 51. f4 Ne6 52. Kc4 Nc7 53. Nd4 g6 54. e5 Ne6 55. Nb5 Nc7 56. Nd6 f6 57. Nf7 fxe5 58. Nxe5+ Ke6 59. Nxg6 b5+ 60.
Kc5 b4 61. Kc4 Na8 62. Ne5 Nb6+ 63. Kb3 Nd5 64. Ng4 h5 65. Ne5 Ne3 66. Nc6 Nf1 67. Nxa5 Nxh2 68. Nc6 Nf1 69. Nd4+ Kf6 70. Ne2 Kf5 71.
Kxb4 Nxg3 72. Nxg3+ Kxf4 73. Nxh5+ 1/2-1/2